cohdb
Replays
Latest Replays
All Replays
Popular Replays
Top Player Replays
Match Explorer
How It Works
Community
CoH3 Stats
Reddit
Sign in to upload your games and track your stats! →
Sign in with Steam
Match 43012115
Unlisted
Match 43012115
Overview
Messages
Build Orders
End
Panzergrenadier Squad
Kradschützen Motorcycle Team
Panzergrenadier Squad
Panzergrenadier Squad
Construct Light Support Kompanie
Fire Support Elements
Flakvierling Half-track
Panzerjäger Mechanized Group
Construct Mechanized Kompanie
Vehicle Survival Package
Emergency Repair Kits
254 Reconnaissance Tractor
Marder III Tank Destroyer
Tungsten Core Ammunition
Marder III Tank Destroyer
Selects Panzerjäger Kommand Battlegroup
Selects Tank Busters
Selects Crew Shock Tactics
Selects Anti-tank Overwatch
Rapid Advance
Construct Panzerarmee Kommand
Walking Stuka Rocket Launcher
Panzergrenadier Squad
Jarkke
DOK1JElly
B I G B I R A N
B I G PP B O Y
0
0
Comments
sign in to comment!
No comments posted yet!